Map: [ESL] Solaris

Players

BattleB

  • Race: Terran Terran
  • Spawn Location: 1:00

Krystianer - Winner!

  • Race: Protoss Protoss
  • Spawn Location: 7:00

Event: ESL SC2 Masters 2023 Winter (Regional)

VOD

Have the link to the VOD?

Description

Time

  • Played on: Oct. 27, 2023, 1 p.m.
  • Length: 5:33

All games in this series

Show
View Real Time Build Order
Export as new Build Order

BattleB Terran 

Build Orders: 2 Factory, Cyclone Opening 

Get SALT Encoding   

  12  0:02  SCV  
  13  0:14  SCV  
  13  0:18  Supply Depot  
  14  0:26  SCV  
  15  0:39  SCV  
  15  0:41  Barracks  
  16  0:44  Refinery  
  16  0:51  SCV  
  16  0:53  Refinery  
  17  1:03  SCV  
  18  1:15  SCV  
  19  1:28  Orbital Command, Reaper  
  20  1:36  Supply Depot  
  20  1:47  Factory  
  20  1:55  SCV  
  21  2:06  Barracks Reactor  
  21  2:10  Factory  
  21  2:12  SCV  
  22  2:25  SCV  
  23  2:37  SCV  
  24  2:48  Cyclone x2  
  28  2:51  SCV, Supply Depot  
  28  2:52  Marine  
  28  2:54  Factory Reactor  
  30  3:10  Marine  
  31  3:13  Supply Depot  
  31  3:20  Cyclone x2  
  35  3:30  Cyclone x2  
  39  3:36  Marine  
  39  3:37  Supply Depot  
  40  3:55  Cyclone x2  
  45  4:03  Supply Depot  
  45  4:07  Cyclone  
  46  4:17  Cyclone  
  48  4:34  Cyclone  
  48  4:38  Cyclone  
  40  4:56  Cyclone  
  41  5:01  Cyclone  
Show
View Real Time Build Order
Export as new Build Order

Krystianer Protoss - Winner!

Build Orders: 1 Gate Expand, Blink Stalkers 

Get SALT Encoding   

  12  0:00  Probe  
  13  0:12  Probe  
  14  0:18  Pylon  
  14  0:24  Probe (Chrono Boost)  
  15  0:38  Probe (Chrono Boost)  
  15  0:39  Gateway  
  16  0:43  Probe (Chrono Boost)  
  16  0:48  Assimilator  
  17  0:52  Probe  
  18  1:04  Probe  
  19  1:17  Probe  
  20  1:25  Nexus  
  20  1:35  Cybernetics Core  
  20  1:39  Probe  
  20  1:44  Assimilator  
  20  1:51  Probe  
  21  1:54  Pylon  
  21  2:03  Probe  
  22  2:09  Adept (Chrono Boost)  
  22  2:11  Warp Gate  
  24  2:15  Probe  
  24  2:21  Twilight Council  
  25  2:28  Probe  
  26  2:32  Stalker (Chrono Boost)  
  28  2:39  Probe (Chrono Boost)  
  30  2:44  Probe (Chrono Boost)  
  30  2:50  Probe (Chrono Boost)  
  31  2:51  Blink (Chrono Boost)  
  31  2:54  Probe (Chrono Boost)  
  31  2:57  Probe (Chrono Boost)  
  32  3:04  Probe  
  34  3:06  Shield Battery  
  35  3:15  Stalker  
  36  3:21  Gateway  
  36  3:28  Gateway  
  36  3:33  Gateway  
  36  3:38  Shield Battery  
  36  3:46  Pylon  
  35  3:57  Shield Battery  
  35  3:59  Stalker  
  37  4:04  Pylon  
  38  4:10  Probe  
  38  4:17  Stalker  
  38  4:23  Stalker x2  
  44  4:30  Stalker  
  44  4:47  Stalker x3  
  44  4:48  Probe  
  44  4:51  Probe  
  52  4:59  Stalker  
  50  5:00  Probe  
  47  5:11  Stalker x3  
  53  5:15  Pylon  
  53  5:17  Probe  
  53  5:19  Probe  
Tags
 
Add a new tag
Caveats
  • Supply blocks, unpowered buildings, or Contaminate may cause inaccurate times.
  • Supply counts are checked every 10 seconds.